 Dungeon Crawl Stone Soup version 0.31-a0-986-g5e6e4ef867 (webtiles) character file.

Game seed: 15431132845692318558

74 croobank the Trooper (level 4, -75/37 HPs)
             Began as a Mummy Monk on Nov 6, 2023.
             Killed by an exploding orc (79 damage)
             ... ignited by their inner flame
             ... on level 3 of the Dungeon.
             The game lasted 00:06:57 (2139 turns).

croobank the Trooper (Mummy Monk)                   Turns: 2139, Time: 00:06:57

Health: -75/37     AC:  3    Str: 14    XL:     4   Next: 9%
Magic:  4/4        EV: 13    Int: 11    God:
Gold:   62         SH:  0    Dex: 14    Spells: 3/3 levels left

rFire   x . .        a - +0 short sword
rCold   + . .        c - orb {light}
rNeg    + + +        b - +0 robe
rPois   ∞            f - +0 helmet
rElec   .            (no cloak)
rCorr   .            (no gloves)
SInv    .            (no boots)
Will    .....        (no amulet)
Stlth   +            (no ring)
HPRegen 0.26/turn    (no ring)
MPRegen 0.09/turn

%: faith
@: glowing
A: cold resistance 1, negative energy resistance 3, torment resistance 2, heat
vulnerability 1, in touch with death 1, no potions, faith
a: no special abilities


You were on level 3 of the Dungeon.
You visited 1 branch of the dungeon, and saw 3 of its levels.

You collected 62 gold pieces.

Inventory:

Hand Weapons
 a - a +0 short sword (weapon)
Armour
 b - a +0 robe (worn)
 c - an orb of light (worn)
 f - a +0 helmet (worn)
Wands
 e - a wand of digging (6)
Scrolls
 i - a scroll of vulnerability


   Skills:
 + Level 3.8 Fighting
 + Level 3.1 Short Blades
 + Level 3.0 Dodging


You had 3 spell levels left.
You didn't know any spells.
Your spell library contained the following spells:

 Spells                   Type           Power      Damage    Failure   Level
 Gell's Gravitas          Tloc           0%         N/A       71%         3
 Hailstorm                Conj/Ice       0%         3d3       71%         3
 Teleport Other           Tloc           0%         N/A       71%         3
 Summon Ice Beast         Ice/Summ       0%         N/A       98%         4
 Dispersal                Tloc           0%         N/A       100%        6
 Simulacrum               Ice/Necr       0%         N/A       100%        6


Dungeon Overview and Level Annotations

Branches:
Dungeon (3/15)

Altars:


Innate Abilities, Weirdness & Mutations

You are immune to poison.
Your flesh is cold resistant. (rC+)
You are immune to negative energy. (rN+++)
You are immune to unholy pain and torment.
You are vulnerable to heat. (rF-)
You are in touch with the powers of death.
You do not drink.
You have a special connection with the divine. (Faith)


Message History

The orc is lightly wounded.
The orc completely misses you.
You hit the orc but do no damage.
The orc is lightly wounded.
The orc closely misses you.
You hit the orc but do no damage. The orc barely misses you.
You barely miss the orc. You hit the orc but do no damage.
The orc hits you but does no damage.
The orc priest mumbles some strange prayers to Beogh against you.
Beogh smites you!
* * * LOW HITPOINT WARNING * * *
You hit the orc.
The orc is severely wounded.
The orc closely misses you.
You hit the orc.
The orc is almost dead.
The orc misses you.
You hit the orc but do no damage.
The orc is almost dead.
The orc hits you but does no damage.
You barely miss the orc.
The orc is almost dead.
The orc closely misses you.
You hit the orc but do no damage.
The orc is almost dead.
You hit the orc but do no damage.
The orc is almost dead.
The orc barely misses you.
The orc priest calls upon Beogh to heal the orc.
The orc is healed somewhat.
As you read the scroll of immolation, it crumbles to dust.
The creatures around you are filled with an inner flame!
The orc closely misses you.
You hit the orc.
Flame seeps out of the orc.
The orc is moderately wounded.
The orc is engulfed in blazing flames.
The orc explodes!
The fiery explosion engulfs you!!!! The fire burns you terribly!
Ouch! That really hurt!
You die...

########## #........#
#.######.#
########.##...#
######...@○o.......#
........#####[##.....
######..# ##§§§#####.
####..# #§§o§.#
#.....# ##§§§#####.#
###.###.# ##§§......#
#...†...# #.########
#.#.###<# #o#
.........# #o#


You could see an orc priest (inner flame).

Vanquished Creatures
  An adder (D:2)
  2 gnolls
  2 dart slugs
  2 orcs (D:3)
  An endoplasm (D:2)
  A giant cockroach (D:1)
  3 goblins
  7 hobgoblins
  4 jackals
  A quokka (D:2)
  A ball python (D:1)
  6 bats
  2 frilled lizards (D:1)
  4 kobolds
  4 rats
41 creatures vanquished.

Notes
Turn   | Place    | Note
-------+----------+-------------------------------------------
     0 | D:1      | croobank the Mummy Monk began the quest for the Orb.
     0 | D:1      | Reached XP level 1. HP: 18/18 MP: 1/1
   325 | D:1      | Reached XP level 2. HP: 24/24 MP: 2/2
   688 | D:1      | Reached XP level 3. HP: 29/29 MP: 3/3
  1707 | D:2      | HP: 1/30 [gnoll/+0 morningstar (7)]
  1876 | D:2      | Reached XP level 4. HP: 37/37 MP: 4/4
  2139 | D:3      | Killed by an exploding orc... ignited by their inner flame

Illustrated notes

Levels and vault maps discovered:
D:1:      tekkud_arrival_beachfront_property, layout_basic,
          amcnicky_mini_pool_small, minmay_misc_feat_tiny, eino_curves_01,
          grunt_decor_one_mirror
D:2:      minmay_general_purpose_star, layout_loops_ring, minmay_tromino_mix6
D:3:      layout_loops_corners, kennysheep_small_spiral, chequers_avenue

Skill      XL: |  1  2  3 |
---------------+----------+-----
Short Blades   | 3 |  3.1
Dodging        | 3 |  3.0
Fighting       | |  3.8

Action                     |  1- 3 |  4- 6 || total
---------------------------+-------+-------++-------
  Melee: Short sword       |   154 |    50 ||   204
    Use: Scroll            |     7 |     3 ||    10
 Armour: Robe              |    68 |    13 ||    81
  Dodge: Dodged            |    90 |    33 ||   123

Table legend: (Time is in decaauts)
 A = Elapsed time spent in this place.
 B = Non-inter-level travel time spent in this place.
 C = Inter-level travel time spent in this place.
 D = Time resting spent in this place.
 E = Time spent auto-exploring this place.
 F = Levels seen in this place.
 G = Mean time per level.
                   A        B        C        D        E       F      G
               +--------+--------+--------+--------+--------+-----+--------+
         Total |   2112 |   2022 |     90 |    732 |    850 |   3 |  704.0 |
       Dungeon |   2112 |   2022 |     90 |    732 |    850 |   3 |  704.0 |
               +--------+--------+--------+--------+--------+-----+--------+

Top non-repeatable levels by time:
     D:1: 1018 daAuts
     D:2: 902 daAuts
     D:3: 191 daAuts
